 Dungeon Crawl Stone Soup version 0.30.0-20-g3615ddf2f0 (webtiles) character file.

Game seed: 6400021285717185431

616 qw the Chopper (level 7, -3/43 HPs)
             Began as a Gargoyle Fighter on June 1, 2023.
             Slain by a gnoll sergeant
             ... wielding a +0 trident
              (7 damage)
             ... on level 5 of the Dungeon.
             The game lasted 00:01:51 (3580 turns).

qw the Chopper (Gargoyle Fighter)                   Turns: 3580, Time: 00:01:52

Health: -3/43      AC: 17    Str: 20 (22) XL:     7   Next: 45%
Magic:  7/7        EV: 12    Int:  6 (8)  God:
Gold:   223        SH:  4    Dex:  7 (9)  Spells: 6/6 levels left

rFire   . . .        Y - +0 war axe
rCold   . . .        c - +0 buckler
rNeg    + . .        o - +0 chain mail
rPois   inf          (no helmet)
rElec   +            (no cloak)
rCorr   .            h - +2 pair of gloves
SInv    +            (no boots)
Will    .....        (no amulet) Stlth
                     k - +5 ring of evasion
HPRegen 0.27/turn    q - ring of see invisible
MPRegen 0.10/turn

%: no passive effects
@: no status effects
A: sickness immunity, AC +4, negative energy resistance 1, electricity
resistance, torment resistance 1, petrification resistance
a: no special abilities


You were on level 5 of the Dungeon.
You visited 1 branch of the dungeon, and saw 5 of its levels.

You collected 253 gold pieces.
You spent 30 gold pieces at shops.


Innate Abilities, Weirdness & Mutations

You are immune to sickness and miasma.
Your stone body is resilient. (AC +4)
You are immune to poison.
You resist negative energy. (rN+)
You are resistant to electric shocks. (rElec)
You are resistant to unholy torment.
You are immune to petrification.


   Skills:
 + Level 4.0 Fighting
 - Level 7.0 Axes
 - Level 3.2 Armour
 - Level 1.0 Dodging
 - Level 3.2 Shields


You had 6 spell levels left.
You didn't know any spells.
Your spell library was empty.

Inventory:

Hand Weapons
 i - a +0 morningstar
 Y - a +0 war axe (weapon)
Missiles
 p - 8 boomerangs (quivered)
Armour
 c - a +0 buckler (worn)
 h - a +2 pair of gloves (worn)
 o - a +0 chain mail (worn)
Jewellery
 k - a +5 ring of evasion (left hand)
 n - a +6 ring of strength
 q - a ring of see invisible (right hand)
Scrolls
 b - a scroll of teleportation
 j - 2 scrolls of identify
Potions
 a - 3 potions of haste
 d - 2 potions of might
 e - a potion of lignification {unknown}
 f - a potion of attraction
 l - a potion of heal wounds {unknown}
 m - a potion of cancellation

Dungeon Overview and Level Annotations

Branches:
Dungeon (5/15)
 Temple: D:4-7

Altars:
Ashenzari
Gozag
Qazlal
The Shining One

Shops:
D:1 (

Annotations:
D:4 1 runed translucent door, qw's ghost, novice GrFi


Message History

A gnoll sergeant comes into view. It is wielding a +0 trident.
The gnoll sergeant shouts!
The gnoll barely misses you.
There is an open gate, spattered with blood here.
You see here a +0 club.
Enter note:
Enter note:
Enter note:
Enter note: The gnoll shouts!
You hit the gnoll.
The gnoll is lightly wounded.
The gnoll misses you. The gnoll closely misses you.
The iguana hisses angrily.
You hit the gnoll but do no damage.
The gnoll is lightly wounded.
The gnoll hits you with a +0 halberd.
You hit the gnoll.
The gnoll is moderately wounded.
You block the gnoll's attack.
The gnoll sergeant hits you but does no damage.
You barely miss the gnoll.
The gnoll is moderately wounded.
The gnoll barely misses you.
The gnoll sergeant hits you from afar with a +0 trident.
You hit the gnoll.
The gnoll is severely wounded.
You block the gnoll's attack.
The gnoll sergeant hits you from afar with a +0 trident.
You hit the gnoll.
The gnoll is almost dead.
The gnoll hits you but does no damage. The gnoll barely misses you.
The gnoll sergeant hits you but does no damage.
You closely miss the gnoll.
The gnoll is almost dead.
The gnoll misses you. The gnoll closely misses you.
The gnoll sergeant hits you but does no damage.
The gnoll misses you. The gnoll hits you with a +0 halberd!
The gnoll sergeant hits you from afar with a +0 trident!
You die...

###...# ....# #......
#...### .....###:......
##.## #
..............###..# +
.............##....## ##
#...........##..#...###.
#......gg.##...##......
#....gl.##..#.###.#..#
#''@###..##.##......
#..)....###....#....
######### ####...###
##..... ######


You could see a gnoll sergeant, an iguana and 2 gnolls.

Vanquished Creatures
  A black bear (D:4)
  An ogre (D:4)
  2 scorpions
  A hound (D:3)
  An iguana (D:5)
  4 orc wizards
  5 gnolls
  4 adders
  A worm (D:5)
  3 dart slugs (D:1)
  8 orcs
  3 endoplasms
  3 giant cockroaches
  6 goblins
  7 hobgoblins
  5 jackals
  3 quokkas
  6 ball pythons
  3 bats
  7 kobolds
  7 rats
81 creatures vanquished.

Notes
Turn   | Place    | Note
-------+----------+-------------------------------------------
     0 | D:1      | qw the Gargoyle Fighter began the quest for the Orb.
     0 | D:1      | Reached XP level 1. HP: 14/14 MP: 1/1
     0 | D:1      | 0 ||| qw: Version: 0.2-a-102-gfc559e5
     0 | D:1      | 0 ||| qw: Game counter: 670
     0 | D:1      | 0 ||| qw: Always use a shield: true
     0 | D:1      | 0 ||| qw: God list: Okawaru
     0 | D:1      | 0 ||| qw: Allow faded altars: false
     0 | D:1      | 0 ||| qw: Do Orc after D:15 true
     0 | D:1      | 0 ||| qw: Do second Lair branch before Depths: true
     0 | D:1      | 0 ||| qw: Lair rune preference: random
     0 | D:1      | 0 ||| qw: Plans: Normal, Zot:1-4, Slime:5, God:TSO, Crypt,
                  | Tomb, Pan, Hells, Abyss, Win
     0 | D:1      | 0 ||| PLANNING D:1-11
    90 | D:1      | Reached skill level 2 in Axes
   116 | D:1      | Found a faded altar of an unknown god.
   154 | D:1      | Reached XP level 2. HP: 10/19 MP: 2/2
   235 | D:1      | 235 ||| Stepping ~*~*~tactically~*~*~ (hiding).
   333 | D:1      | 333 ||| Stepping ~*~*~tactically~*~*~ (stealth).
   435 | D:1      | Reached skill level 3 in Axes
   490 | D:1      | Reached XP level 3. HP: 22/23 MP: 3/3
   626 | D:1      | Found Kiymaol's Weapon Shoppe.
   629 | D:1      | 629 ||| BUYING +0 whip (30 gold).
   629 | D:1      | Bought a +0 whip for 30 gold pieces
   629 | D:1      | 629 ||| DROPPING +0 club.
   977 | D:1      | 977 ||| UPGRADING to +2 pair of gloves.
   982 | D:1      | 982 ||| UPGRADING to +5 ring of evasion.
   983 | D:1      | 983 ||| READING scroll labelled HISTIP FAROENE.
   984 | D:1      | 984 ||| READING scroll labelled BAROTA FAUFIRPH.
   985 | D:1      | 985 ||| READING 3 scrolls labelled QATZOS AXYL.
   986 | D:1      | 986 ||| READING 2 scrolls of identify.
   986 | D:1      | 986 ||| IDENTIFYING smoky ruby potion
  1081 | D:2      | 1081 ||| Stepping ~*~*~tactically~*~*~ (stealth).
  1355 | D:2      | Reached XP level 4. HP: 27/28 MP: 4/4
  1510 | D:2      | 1510 ||| DROPPING amulet of magic regeneration.
  1511 | D:2      | 1511 ||| READING scroll labelled SUFIL MISEEM.
  1561 | D:3      | 1561 ||| Stepping ~*~*~tactically~*~*~ (stealth).
  1562 | D:3      | 1562 ||| Stepping ~*~*~tactically~*~*~ (stealth).
  1606 | D:3      | Reached skill level 4 in Axes
  1621 | D:3      | Found a glowing golden altar of the Shining One.
  1645 | D:3      | Noticed a scorpion
  1656 | D:3      | Killed a scorpion
  1657 | D:3      | Reached skill level 5 in Axes
  1657 | D:3      | Reached XP level 5. HP: 28/32 MP: 5/5
  1678 | D:3      | Found a stormy altar of Qazlal.
  1822 | D:3      | 1822 ||| DROPPING +0 whip.
  2036 | D:3      | Found a broken altar of Ashenzari.
  2228 | D:3      | 2228 ||| UPGRADING to +0 chain mail.
  2238 | D:3      | 2238 ||| DROPPING +0 scale mail.
  2239 | D:3      | 2239 ||| UPGRADING to ring of see invisible.
  2240 | D:3      | 2240 ||| READING scroll labelled CAZA JY GAQU.
  2244 | D:3      | 2244 ||| DRINKING 2 coppery potions.
  2245 | D:3      | 2245 ||| READING 2 scrolls of identify.
  2245 | D:3      | 2245 ||| IDENTIFYING bubbling sapphire potion
  2274 | D:4      | Identified the +4 whip of Laceration {venom, Will+ Int+2
                  | Dex-5}
  2276 | D:4      | 2276 ||| DROPPING +4 whip of Laceration {venom, Will+ Int+2
                  | Dex-5}.
  2282 | D:4      | Noticed a black bear
  2291 | D:4      | Killed a black bear
  2292 | D:4      | Reached XP level 6. HP: 38/38 MP: 6/6
  2305 | D:4      | 2305 ||| Stepping ~*~*~tactically~*~*~ (hiding).
  2306 | D:4      | 2306 ||| Stepping ~*~*~tactically~*~*~ (hiding).
  2308 | D:4      | 2308 ||| Stepping ~*~*~tactically~*~*~ (hiding).
  2309 | D:4      | 2309 ||| Stepping ~*~*~tactically~*~*~ (hiding).
  2392 | D:4      | 2392 ||| DRINKING potion of curing.
  2392 | D:4      | 2392 ||| (to cure confusion)
  2413 | D:4      | Found an opulent altar of Gozag.
  2420 | D:4      | 2420 ||| Stepping ~*~*~tactically~*~*~ (stealth).
  2421 | D:4      | 2421 ||| Stepping ~*~*~tactically~*~*~ (stealth).
  2428 | D:4      | 2428 ||| Stepping ~*~*~tactically~*~*~ (stealth).
  2516 | D:4      | 2516 ||| DROPPING +0 flail.
  2574 | D:4      | Reached skill level 6 in Axes
  2823 | D:4      | Found a runed translucent door.
  2823 | D:4      | Noticed qw's ghost (novice GrFi)
  2935 | D:4      | Noticed a water moccasin
  2938 | D:4      | 2938 ||| READING scroll labelled PUEVUO WIETA.
  2939 | D:4      | 2939 ||| READING 2 scrolls labelled XEMOJA WOBLISO.
  2940 | D:4      | 2940 ||| READING scroll labelled GUERON MUSOSY.
  2941 | D:4      | 2941 ||| DRINKING 2 cyan potions.
  2942 | D:4      | 2942 ||| DROPPING scroll of blinking.
  2990 | D:5      | Entered Level 5 of the Dungeon
  3010 | D:5      | Reached skill level 1 in Dodging
  3010 | D:5      | Reached XP level 7. HP: 43/43 MP: 7/7
  3120 | D:5      | HP: 7/43 [orc wizard/magic dart (10)]
  3506 | D:5      | 3506 ||| DRINKING 3 emerald potions.
  3507 | D:5      | 3507 ||| DROPPING 2 potions of degeneration.
  3513 | D:5      | 3513 ||| STAIRDANCE
  3560 | D:5      | 3560 ||| Stepping ~*~*~tactically~*~*~ (hiding).
  3573 | D:5      | Reached skill level 7 in Axes
  3580 | D:5      | HP: 4/43 [gnoll/+0 halberd[a gnoll sergeant] (11)]
  3580 | D:5      | Slain by a gnoll sergeant

Levels and vault maps discovered:
D:1:      dpeg_arrival_solitude, layout_basic,
          shapermc_ecumenical_altar_acropolis, serial_shops,
          nicolae_shop_behind_doors, dk_noncrumbling_3, minmay_unequal
D:2:      layout_rooms
D:3:      layout_basic, mainiacjoe_overflow_brackets,
          nicolae_qazlal_scattered_showers, lemuel_doored_altar,
          serial_bayou_ford_a
D:4:      layout_gridville, nicolae_overflow_hidden_temple,
          ebering_ghost_inner_flame
D:5:      cheibrodos_two_vegetables, layout_loops_ring,
          nemelex_dance_club_becter, kennysheep_donut,
          kennysheep_generic_room_13

Skill      XL: |  1  2  3  4  5  6  7 |
---------------+----------------------+-----
Axes           | 2 3 5 6 7 |  7.0
Fighting       | 4 |  4.0
Dodging        | 1 |  1.0
Armour         | |  3.2
Shields        | |  3.2

Action                     |  1- 3 |  4- 6 |  7- 9 || total
---------------------------+-------+-------+-------++-------
  Melee: War axe           |   135 |   127 |    46 ||   308
  Throw: Boomerang         |       |     3 |     6 ||     9
    Use: Scroll            |     4 |     6 |       ||    10
         Potion            |       |     3 |     1 ||     4
 Armour: Scale mail        |    65 |    24 |       ||    89
         Chain mail        |       |    27 |    38 ||    65
  Dodge: Dodged            |    88 |    77 |    61 ||   226
  Block: Buckler           |    32 |    18 |     8 ||    58

Table legend:
 A = Non-vault XP
 B = Vault XP
 C = Vault XP percentage of total XP
 D = Non-vault monster count
 E = Vault monster count
 F = Vault count percentage of total count
                 A         B        C        D         E       F
            +---------+---------+-------+---------+---------+-------
      Total |     873 |       8 |   0.9 |      77 |       4 |   4.9
            +---------+---------+-------+---------+---------+-------
        D:1 |      35 |       8 |  18.6 |      18 |       4 |  18.2
        D:2 |      42 |       0 |   0.0 |      18 |       0 |   0.0
        D:3 |     204 |       0 |   0.0 |      15 |       0 |   0.0
        D:4 |     320 |       0 |   0.0 |      15 |       0 |   0.0
        D:5 |     272 |       0 |   0.0 |      11 |       0 |   0.0
            +---------+---------+-------+---------+---------+-------
